 Dungeon Crawl Stone Soup version 0.20.1-1-g8b1a95d (webtiles) character file.

12888 renl the Devastator (level 11, 0/74 HPs)
             Began as a Red Draconian Conjurer on July 9, 2017.
             Was an Elder of Vehumet.
             Slain by a blink frog (14 damage)
             ... on level 3 of the Lair of Beasts on July 10, 2017.
             The game lasted 01:27:35 (10579 turns).

renl the Devastator (Red Draconian Conjurer)       Turns: 10579, Time: 01:27:36

Health: 0/74       AC: 10    Str: 10    XL:     11   Next: 68%
Magic:  15/24      EV: 17    Int: 19    God:    Vehumet [****..]
Gold:   790        SH:  0    Dex: 12    Spells: 13/29 levels left

rFire    + . .     SeeInvis .   w - +2 short sword (speed)
rCold    . . .     Gourm    .   (no shield)
rNeg     . . .     Faith    +   (armour unavailable)
rPois    .         Spirit   .   (helmet restricted)
rElec    .         Reflect  .   s - +0 cloak
rCorr    .         Harm     .   x - +0 pair of gloves
MR       .....                  g - +0 pair of boots
Stlth    ++........             q - amulet of faith
Regen    0.3/turn               G - ring of wizardry
MPRegen  0.2/turn               T - +5 ring of evasion

@: short of breath
A: breathe fire, unfitting armour, fire resistance 1, cold-blooded, AC +7
a: Breathe Fire, Renounce Religion


You were on level 3 of the Lair of Beasts.
You worshipped Vehumet.
Vehumet was greatly pleased with you.
You were hungry.

You visited 2 branches of the dungeon, and saw 11 of its levels.

You collected 790 gold pieces.

Inventory:

Hand Weapons
 w - a +2 short sword of speed (weapon)
Armour
 g - a +0 pair of boots (worn)
 s - a +0 cloak (worn)
 x - a +0 pair of gloves (worn)
Jewellery
 q - an amulet of faith (around neck)
 t - an uncursed ring of protection from fire
 v - an uncursed ring of ice
 C - an uncursed ring of fire
 F - an uncursed amulet of regeneration
 G - a ring of wizardry (left hand)
 T - a +5 ring of evasion (right hand)
Wands
 I - a wand of flame (18/48)
 K - a wand of disintegration (18/24)
 M - a wand of polymorph (6/24)
 N - a wand of paralysis (7/24)
 Y - a wand of digging (9/24)
 Z - a wand of iceblast (4/15)
Scrolls
 c - 3 scrolls of immolation {unknown}
 e - 3 scrolls of enchant armour {unknown}
 i - 7 scrolls of identify
 j - 7 scrolls of remove curse
 k - 5 scrolls of teleportation
 n - 2 scrolls of magic mapping {unknown}
 r - 2 scrolls of noise {unknown}
 y - a scroll of blinking {unknown}
 A - 3 scrolls of torment {unknown}
 J - a scroll of random uselessness {unknown}
 R - a scroll of brand weapon {unknown}
 U - a scroll of acquirement {unknown}
Potions
 f - a potion of agility
 l - 3 potions of flight
 m - 5 potions of curing
 o - 6 potions of might
 p - 3 potions of lignification
 u - a potion of magic
 B - a potion of invisibility
 L - a potion of heal wounds {unknown}
 P - a potion of brilliance {unknown}
 Q - a potion of cancellation {unknown}
 W - a potion of haste {unknown}
 X - 2 potions of mutation {unknown}
Books
 a - a book of Conjurations

   Spells                             Type                      Level
   a - Magic Dart                     Conjuration                  1
   b - Searing Ray                    Conjuration                  2
   c - Dazzling Spray                 Conjuration/Hexes            3
   d - Fulminant Prism                Conjuration/Hexes            4
   e - Force Lance                    Conjuration/Translocation    4
   f - Iskenderun's Mystic Blast      Conjuration                  4
 z - Cudedux's Guide on the Volcanoes and Orientation
   (You found it on level 7 of the Dungeon)

   Spells                             Type                      Level
   a - Blink                          Translocation                2
   b - Conjure Flame                  Conjuration/Fire             3
   c - Lesser Beckoning               Translocation                3
   d - Controlled Blink               Translocation                8
 D - a book of Necromancy

   Spells                             Type                      Level
   a - Pain                           Necromancy                   1
   b - Animate Skeleton               Necromancy                   1
   c - Vampiric Draining              Necromancy                   3
   d - Regeneration                   Charms/Necromancy            3
   e - Animate Dead                   Necromancy                   4
   f - Control Undead                 Necromancy                   4
 H - a book of Enchantments

   Spells                             Type                      Level
   a - Cause Fear                     Hexes                        4
   b - Yara's Violent Unravelling     Hexes/Transmutation          5
   c - Silence                        Hexes/Air                    5
   d - Deflect Missiles               Charms/Air                   6
   e - Discord                        Hexes                        8
 O - a book of Changes

   Spells                             Type                      Level
   a - Beastly Appendage              Transmutation                1
   b - Sticks to Snakes               Transmutation                2
   c - Spider Form                    Transmutation/Poison         3
   d - Ice Form                       Ice/Transmutation            4
   e - Blade Hands                    Transmutation                5
Miscellaneous
 V - a sack of spiders
Comestibles
 b - 10 bread rations
 d - 6 meat rations
 h - 8 royal jellies
 E - 26 fruits
 S - 5 chunks of flesh


   Skills:
 - Level 1.7 Dodging
 - Level 1.7 Stealth
 + Level 9.9 Spellcasting
 + Level 15.0 Conjurations
 + Level 3.3 Translocations


You had 13 spell levels left.
You knew the following spells:

 Your Spells              Type           Power        Failure   Level  Hunger
a - Magic Dart            Conj           ####         0%          1    None
b - Searing Ray           Conj           ######       0%          2    None
c - Iskenderun's Mystic   Conj           ######..     1%          4    ###....
d - Force Lance           Conj/Tloc      #####...     1%          4    ###....
e - Blink                 Tloc           N/A          1%          2    None
f - Conjure Flame         Conj/Fire      #####...     1%          3    None


Dungeon Overview and Level Annotations

Branches:
Dungeon (8/15)             Temple (0/1) D:4            Lair (3/6) D:8
 Spider (0/4) Lair:3
  Swamp: Lair:2-4    Shoals: Lair:2-4

Altars:
Ashenzari
Elyvilon
Fedhas
Kikubaaqudgha
Okawaru
Qazlal
Sif Muna
Uskayaw
Vehumet
Yredelemnul
Zin
The Shining One

Shops:
D:8 %


Innate Abilities, Weirdness & Mutations

You can breathe blasts of fire.
Your fiery red scales are hard. (AC +7)
You cannot fit into any form of body armour.
Your flesh is heat resistant. (rF+)
You are cold-blooded and may be slowed by cold attacks.


Message History

You kill the seven-headed hydra!
Vehumet accepts your kill.
You feel your power returning.
Your Conjurations skill increases to level 15!
The blink frog closely misses you.
Casting: Force Lance
Confirm with . or Enter, or press ? or * to list all spells.
Aiming: Iskenderun's Mystic Blast
Press: ? - help, Shift-Dir - straight line, f - blink frog
Aim: a blink frog The orb of energy hits the blink frog.
The blink frog is severely wounded.
The orb of energy explodes!
The mystic blast hits the blink frog.
The blink frog is severely wounded.
The mystic blast hits the plant.
The plant is heavily damaged.
The blink frog hits you.
* * * LOW HITPOINT WARNING * * *
The blink frog hits you!
You die...

##.................#.
#.................P##
##...†............##.
#...#.P..#.......###
#...###P.###.....# #
##...##...........# #
#..........#......# #
##....#....#... #
##..@......#.... ##
#..FF##.#...#... #.
#P..†P.##PP##.... ##
#....§....P.......P.#
#P...................
##.......F...........
#..F##.....?........
#...#.#§##.....PP###
#...##...# .....P


You could see 3 blink frogs.

Vanquished Creatures
  A hydra (Lair:3)
  Harold (Lair:3)
  3 two-headed ogres (D:8)
  Sonja (Lair:2)
  Nergalle (Lair:1)
  2 black mambas
  2 spiny frogs
  A komodo dragon (Lair:3)
  A troll (D:8)
  Prince Ribbit (D:6)
  7 blink frogs (Lair:1)
  4 hippogriffs
  2 wyverns (Lair:3)
  2 basilisks
  A hungry ghost (D:8)
  Menkaure (D:7)
  2 water moccasins
  3 porcupines
  3 black bears
  An orc warrior (D:8)
  An ice beast (D:7)
  2 ogres
  A centaur (D:7)
  6 crocodiles
  3 big kobolds
  8 bullfrogs
  6 scorpions
  3 howler monkeys (D:8)
  2 crimson imps
  3 orc wizards
  2 gnoll shamans
  4 orc priests
  2 centaur skeletons (D:4)
  2 hounds
  A jelly (D:8)
  3 iguanas
  6 worker ants
  A howler monkey zombie (D:6)
  10 adders
  13 gnolls
  A howler monkey skeleton (D:4)
  2 shadow imps
  2 oozes (D:2)
  An adder skeleton (D:7)
  3 worms (D:2)
  4 dart slugs
  3 leopard geckos
  18 orcs
  A ball python (D:4)
  7 giant cockroaches
  7 goblins
  7 hobgoblins
  20 kobolds
  5 quokkas
  11 bats
  5 frilled lizards
  A quokka skeleton (D:4)
  7 rats
  A bush (Lair:2)
225 creatures vanquished.

Vanquished Creatures (others)
  A kobold (D:3)
  2 fungi (D:8)
  A plant (Lair:3)
4 creatures vanquished.

Grand Total: 229 creatures vanquished

Notes
Turn   | Place    | Note
-------+----------+-------------------------------------------
     0 | D:1      | renl the Draconian Conjurer began the quest for the Orb.
     0 | D:1      | Reached XP level 1. HP: 14/14 MP: 3/3
   168 | D:1      | Reached XP level 2. HP: 16/20 MP: 0/5
   951 | D:2      | Reached skill level 5 in Conjurations
   951 | D:2      | Reached XP level 3. HP: 26/26 MP: 2/6
   955 | D:2      | Learned a level 2 spell: Searing Ray
  1063 | D:2      | Found a white marble altar of Elyvilon.
  1499 | D:2      | Reached XP level 4. HP: 33/33 MP: 7/7
  1608 | D:2      | Found a basalt altar of Yredelemnul.
  2268 | D:3      | Reached skill level 6 in Conjurations
  2391 | D:3      | Reached XP level 5. HP: 26/38 MP: 0/8
  2736 | D:3      | Noticed a dagger
  2737 | D:3      | Found a hide-covered altar of Uskayaw.
  2737 | D:3      | Noticed a hand axe
  2774 | D:3      | Found a radiant altar of Vehumet.
  2794 | D:3      | Became a worshipper of Vehumet
  2812 | D:3      | Reached skill level 7 in Conjurations
  3403 | D:4      | Reached XP level 6. HP: 45/45 MP: 4/9
  3409 | D:4      | Learned a level 4 spell: Iskenderun's Mystic Blast
  3436 | D:4      | Found a shattered altar of Ashenzari.
  3562 | D:4      | Found an iron altar of Okawaru.
  3575 | D:4      | Found a staircase to the Ecumenical Temple.
  3667 | D:4      | Reached skill level 8 in Conjurations
  4216 | D:4      | You fall through a shaft for 2 floors!
  4224 | D:6      | Your scales start taking on a fiery red colour.
  4224 | D:6      | Reached XP level 7. HP: 50/50 MP: 6/10
  4224 | D:6      | Gained mutation: Your flesh is heat resistant. (rF+) [Red Draconian growth]
  4225 | D:6      | Reached * piety under Vehumet
  4225 | D:6      | Offered knowledge of Flame Tongue by Vehumet.
  4294 | D:6      | Found a deep blue altar of Sif Muna.
  4352 | D:5      | Entered Level 5 of the Dungeon
  4527 | D:5      | Found a stormy altar of Qazlal.
  4527 | D:5      | Noticed an air elemental
  4536 | D:5      | Noticed a fire elemental
  4536 | D:5      | Noticed a water elemental
  4630 | D:5      | Reached skill level 9 in Conjurations
  5022 | D:5      | Found a glowing silver altar of Zin.
  5277 | D:5      | Found a glowing golden altar of the Shining One.
  5495 | D:6      | Noticed Prince Ribbit
  5504 | D:6      | Killed Prince Ribbit
  5504 | D:6      | Reached XP level 8. HP: 57/57 MP: 7/13
  5983 | D:6      | Learned a level 4 spell: Force Lance
  6223 | D:7      | Noticed Menkaure
  6226 | D:7      | Killed Menkaure
  6226 | D:7      | Reached skill level 10 in Conjurations
  6375 | D:7      | Reached ** piety under Vehumet
  6376 | D:7      | Offered knowledge of Sting by Vehumet.
  6399 | D:7      | Found a stormy altar of Qazlal.
  6794 | D:7      | Identified Cudedux's Guide on the Volcanoes and Orientation
  6801 | D:7      | Learned a level 2 spell: Blink
  6929 | D:7      | Found a blossoming altar of Fedhas.
  7107 | D:8      | Reached skill level 11 in Conjurations
  7245 | D:8      | Noticed a two-headed ogre
  7251 | D:8      | Killed a two-headed ogre
  7251 | D:8      | Reached skill level 5 in Spellcasting
  7251 | D:8      | Reached XP level 9. HP: 49/62 MP: 7/17
  7341 | D:8      | Reached skill level 12 in Conjurations
  7413 | D:8      | Found a staircase to the Lair.
  7561 | D:8      | Found a blossoming altar of Fedhas.
  7576 | D:8      | Noticed a two-headed ogre
  7596 | D:8      | Killed a two-headed ogre
  7596 | D:8      | Reached skill level 1 in Translocations
  7596 | D:8      | Reached XP level 10. HP: 33/69 MP: 8/19
  7694 | D:8      | Found an ancient bone altar of Kikubaaqudgha.
  7694 | D:8      | Noticed a two-headed ogre
  7711 | D:8      | Killed a two-headed ogre
  7711 | D:8      | Offered knowledge of Static Discharge by Vehumet.
  7711 | D:8      | Reached skill level 13 in Conjurations
  7716 | D:8      | Learned a level 3 spell: Conjure Flame
  7763 | D:8      | Reached *** piety under Vehumet
  7969 | D:8      | Offered knowledge of Ignite Poison by Vehumet.
  7991 | D:8      | Found Jutwel's Food Shop.
  8211 | Lair:1   | Entered Level 1 of the Lair of Beasts
  8470 | Lair:1   | Reached skill level 14 in Conjurations
  8717 | Lair:1   | Noticed a spiny frog
  8722 | Lair:1   | Killed a spiny frog
  8996 | Lair:1   | Noticed a black mamba
  9000 | Lair:1   | Killed a black mamba
  9000 | Lair:1   | Reached XP level 11. HP: 52/74 MP: 21/23
  9209 | Lair:2   | Noticed Sonja
  9275 | Lair:2   | Noticed Nergalle
  9304 | Lair:1   | Killed Nergalle
  9363 | Lair:2   | Paralysed by Sonja for 5 turns
  9364 | Lair:2   | Killed Sonja
  9541 | Lair:2   | Reached **** piety under Vehumet
 10153 | Lair:3   | Offered knowledge of Throw Icicle by Vehumet.
 10187 | Lair:3   | Found a hole to the Spider Nest.
 10339 | Lair:3   | Found a white marble altar of Elyvilon.
 10345 | Lair:3   | Noticed Harold
 10378 | Lair:3   | Killed Harold
 10564 | Lair:3   | Noticed a seven-headed hydra
 10578 | Lair:3   | Killed a seven-headed hydra
 10578 | Lair:3   | Reached skill level 15 in Conjurations
 10579 | Lair:3   | Slain by a blink frog

Skill      XL: |  1  2  3  4  5  6  7  8  9 10 11 |
---------------+----------------------------------+-----
Conjurations   | 5 6 7 8 9 11 12 14 15 | 15.0
Spellcasting   | 3 5 6 8 9 |  9.9
Translocations | 1 2 3 |  3.3
Dodging        | |  1.7
Stealth        | |  1.7

Action                   |  1- 3 |  4- 6 |  7- 9 | 10-12 || total
-------------------------+-------+-------+-------+-------++-------
Melee: Unarmed           |     4 |     4 |       |       ||     8
       Whip              |    27 |     3 |       |       ||    30
       Tailslap          |     2 |     2 |     1 |     1 ||     6
       Hand axe          |       |     7 |       |       ||     7
       Mace              |       |    13 |       |       ||    13
       Short sword       |       |    11 |    13 |    23 ||    47
 Cast: Magic Dart        |    55 |    65 |    48 |    39 ||   207
       Searing Ray       |     3 |    15 |    19 |    27 ||    64
       Iskenderun's Myst |       |       |     3 |    21 ||    24
       Force Lance       |       |       |     3 |    17 ||    20
       Blink             |       |       |     1 |       ||     1
       Conjure Flame     |       |       |       |     3 ||     3
 Abil: Breathe Fire      |       |       |    41 |    43 ||    84
  Use: Scroll            |       |       |     8 |     2 ||    10
 Stab: Sleeping          |     2 |       |       |       ||     2
  Eat: Chunk             |     3 |     6 |    17 |    13 ||    39
       Bread ration      |       |     1 |     1 |     1 ||     3
       Fruit             |       |       |       |     3 ||     3
Armor: Skin              |    23 |    26 |    14 |    36 ||    99
Dodge: Dodged            |    33 |    47 |    23 |    77 ||   180
